 Dungeon Crawl Stone Soup version 0.23.2-40-g277498a001 (webtiles) character file.

Game seed: 4902491252715642363

47277 FishyPogo the Blocker (level 14, -8/138 HPs)
             Began as a Halfling Berserker on Sept 7, 2019.
             Was a High Priest of Trog.
             Mangled by a +3 dire flail of protection (21 damage)
             ... on level 1 of the Elven Halls on Sept 9, 2019.
             The game lasted 02:07:42 (19674 turns).

FishyPogo the Blocker (Halfling Berserker)         Turns: 19674, Time: 02:07:43

Health: -8/138     AC: 12    Str: 23    XL:     14   Next: 80%
Magic:  0/19       EV: 22    Int:  7    God:    Trog [*****.]
Gold:   1318       SH: 14    Dex: 19    Spells: 13/13 levels left

rFire    . . .     SeeInvis .   a - +10 scimitar "Tiruir" {freeze, rC+ MR++}
rCold    + + .     Gourm    .   i - +0 shield
rNeg     . . .     Faith    .   N - +0 ring mail
rPois    .         Spirit   +   F - +1 hat
rElec    +         Reflect  .   w - scarf {Spirit}
rCorr    +         Harm     .   m - +1 pair of gloves of Fortification {rElec rC+ Int+2 Slay+2}
MR       +++..                  p - +0 pair of boots
Stlth    ..........             h - amulet of guardian spirit
HPRegen  0.33/turn              o - ring of resist corrosion
MPRegen  0.16/turn              W - ring of stealth

@: berserking (expiring), very quick
A: small, mutation resistance 1
a: Berserk, Trog's Hand, Brothers in Arms, Renounce Religion


You were on level 1 of the Elven Halls.
You worshipped Trog.
Trog was extremely pleased with you.
You were hungry.

You visited 4 branches of the dungeon, and saw 18 of its levels.

You collected 1580 gold pieces.
You spent 262 gold pieces at shops.

Inventory:

Hand Weapons
 a - the +10 scimitar "Tiruir" (weapon) {freeze, rC+ MR++}
   (Trog gifted it to you on level 2 of the Orcish Mines)

   It has been specially enchanted to freeze those struck by it, causing extra
   injury to most foes and up to half again as much damage against particularly
   susceptible opponents.
   It can also slow down cold-blooded creatures.
   It protects you from cold.
   It affects your resistance to hostile enchantments.
 b - a +2 antimagic rapier
Missiles
 d - 365 stones (quivered)
 D - 39 tomahawks
 I - 6 tomahawks of returning
 K - 2 throwing nets
 M - 4 tomahawks of dispersal
Armour
 g - a +4 plate armour of cold resistance
 i - a +0 shield (worn)
 m - the +1 pair of gloves of Fortification (worn) {rElec rC+ Int+2 Slay+2}
   (You found it on level 1 of the Elven Halls)

   It affects your intelligence (+2).
   It affects your accuracy and damage with ranged weapons and melee attacks
   (+2).
   It protects you from cold.
   It insulates you from electricity.
 p - a +0 pair of boots (worn)
 w - a scarf of spirit shield (worn)
 y - a +0 troll leather armour
 F - a +1 hat (worn)
 G - a +1 pair of gloves
 N - a +0 ring mail (worn)
Jewellery
 h - an amulet of guardian spirit (around neck)
 o - a ring of resist corrosion (left hand)
 q - an uncursed ring of poison resistance
 O - a +2 ring of dexterity
 W - a ring of stealth (right hand)
Wands
 n - a wand of scattershot (13)
 t - a wand of paralysis (10)
 z - a wand of acid (8)
 P - a wand of enslavement (12)
 T - a wand of iceblast (14)
Scrolls
 e - 10 scrolls of teleportation
 f - 6 scrolls of identify
 j - 12 scrolls of remove curse
 k - a scroll of vulnerability
 u - a scroll of fear
 x - 4 scrolls of magic mapping
 J - 5 scrolls of enchant armour
 R - a scroll of fog
 S - a scroll of blinking
 V - a scroll of noise
 X - a scroll of amnesia {unknown}
Potions
 l - 4 potions of might
 r - 3 potions of brilliance
 s - 2 potions of heal wounds
 v - 3 potions of flight
 A - a potion of haste
 B - a potion of berserk rage
 C - a potion of lignification {unknown}
 E - 3 potions of curing
 H - a potion of mutation
 L - 4 potions of cancellation
 Q - 3 potions of ambrosia
Comestibles
 c - 27 rations
 U - 2 chunks of flesh


   Skills:
 + Level 7.6 Fighting
 + Level 11.0 Long Blades
 + Level 6.8 Throwing
 + Level 9.6 Armour
 + Level 11.7 Dodging
 - Level 7.0 Stealth
 * Level 12.5 Shields
 + Level 7.3 Evocations


You had 13 spell levels left.
You didn't know any spells.
Your spell library contained the following spells:

 Spells                   Type           Power        Failure   Level  Hunger
 Animate Skeleton         Necr           N/A          83%         1    ##.....
 Apportation              Tloc           #.....       83%         1    ##.....
 Confusing Touch          Hex            #.....       83%         1    ##.....
 Corona                   Hex            #......      83%         1    ##.....
 Summon Small Mammal      Summ           #...         83%         1    ##.....
 Ensorcelled Hibernation  Hex/Ice        #.....       92%         2    ###....
 Confuse                  Hex            #.......     99%         3    ####...
 Dazzling Spray           Conj/Hex       #.....       99%         3    ####...
 Tukima's Dance           Hex            #.......     99%         3    ####...


Dungeon Overview and Level Annotations

Branches:
Dungeon (12/15)            Temple (0/1) D:7            Lair (2/6) D:8
 Shoals (0/4) Lair:2          Orc (2/2) D:11            Elf (2/3) Orc:2
  Snake: Lair:2-4    Spider: Lair:2-4

Altars:
Ashenzari
Cheibriados
Dithmenos
Elyvilon
Fedhas
Gozag
Hepliaklqana
Kikubaaqudgha
Okawaru
Qazlal
Ru
Trog
The Shining One
Beogh

Shops:
D:4 [   D:8 :   Orc:2 [%*[

Annotations:
D:12 Rupert
Elf:1 exclusion: dancing weapon


Innate Abilities, Weirdness & Mutations

You are small and have problems with some larger weapons.
You are somewhat resistant to further mutation.


Message History

You miss the +3 dire flail of protection.
The +3 dire flail of protection is moderately damaged.
The +3 dire flail of protection hits you!
* * * LOW HITPOINT WARNING * * *
You hit the +3 dire flail of protection but do no damage.
The +3 dire flail of protection is moderately damaged.
You block the fire elemental's attack.
The +3 dire flail of protection hits you but does no damage.
You closely miss the +3 dire flail of protection.
The +3 dire flail of protection is moderately damaged.
The +3 dire flail of protection hits you but does no damage.
You block the fire elemental's attack.
You barely miss the +3 dire flail of protection.
The +3 dire flail of protection is moderately damaged.
The +3 dire flail of protection barely misses you.
You block the fire elemental's attack.
You miss the +3 dire flail of protection.
The +3 dire flail of protection is moderately damaged.
The +3 dire flail of protection hits you!!
You die...

#.................
#.........).......
#.................
#...##############
#...#.............
#...#.............
#...#.............
#.(.#...########..
#@..#...#......#..
#E..#...#......#..
#...#...#......#..
#...#...#......#..
#...#...#......#..
#...#...#......#..
#...#...###'####..
#...#......)......
#...#.............


You could see a fire elemental and a +3 dire flail of protection.

Vanquished Creatures
  Kirke (D:12)
  A deep elf sorcerer (Elf:1)
  Erolcha (D:12)
  2 two-headed ogres (D:12)
  A tengu warrior (D:12)
  A dancing weapon (Elf:2)
  2 deep elf knights
  An unseen horror (D:12)
  A wizard (Elf:1)
  A deep elf archer (Elf:2)
  2 orc knights
  A wolf spider zombie (D:12)
  21 deep elf magi
  3 manticores (D:12)
  10 orc sorcerers
  A merfolk siren (Lair:2)
  An elephant (D:8)
  A spiny frog (Lair:2)
  A komodo dragon (Lair:1)
  4 trolls
  Grinder (D:6)
  2 hornets
  Prince Ribbit (D:5)
  12 blink frogs
  4 hippogriffs
  A water elemental (Elf:1)
  2 fire bats (Lair:2)
  A basilisk (D:8)
  15 yaks
  A fire elemental (Lair:2)
  3 hogs
  A wyvern (Lair:1)
  A hungry ghost (D:12)
  A vampire mosquito (D:12)
  14 wargs
  A soldier ant (D:11)
  7 water moccasins
  2 floating eyes (D:12)
  5 porcupines (Lair:1)
  5 ice beasts
  20 orc warriors
  A black bear (D:12)
  5 sky beasts
  A boggart (Elf:1)
  15 ogres
  3 phantoms
  7 wolves
  6 centaurs
  4 crocodiles
  5 big kobolds (D:11)
  3 gnoll sergeants (D:11)
  4 bullfrogs
  2 earth elementals (Elf:1)
  2 scorpions (D:7)
  5 killer bees (D:9)
  2 howler monkeys
  8 crimson imps
  A quasit (D:7)
  2 bullfrog zombies
  6 hounds
  2 jellies
  13 orc priests
  5 bullfrog skeletons
  3 centaur skeletons
  35 orc wizards
  Ijyb (D:3)
  3 iguanas
  12 worker ants
  A killer bee zombie (D:7)
  A hound zombie (D:5)
  A hound skeleton (D:4)
  A mummy (D:6)
  A howler monkey zombie (D:7)
  A worker ant zombie (D:11)
  16 gnolls
  A howler monkey skeleton (D:5)
  11 adders
  5 shadow imps
  2 oozes
  2 adder skeletons (D:5)
  5 worms
  6 dart slugs
  4 leopard geckos
  95 orcs
  2 ball pythons
  3 giant cockroaches
  3 goblins
  7 hobgoblins
  10 jackals
  5 quokkas
  A ball python skeleton (D:4)
  10 bats
  11 frilled lizards
  25 kobolds
  5 rats
548 creatures vanquished.

Vanquished Creatures (collateral kills)
  3 orc sorcerers (Orc:2)
  A gargoyle (D:11)
  2 orc warriors
  An ogre (D:11)
  A centaur skeleton (D:11)
  6 orc wizards (Orc:2)
  8 orcs
22 creatures vanquished.

Vanquished Creatures (others)
  A fungus (Lair:2)
1 creature vanquished.

Grand Total: 571 creatures vanquished

Notes
Turn   | Place    | Note
-------+----------+-------------------------------------------
     0 | D:1      | FishyPogo the Halfling Berserker began the quest for the
                  | Orb.
     0 | D:1      | Reached XP level 1. HP: 15/15 MP: 1/1
   173 | D:1      | Reached XP level 2. HP: 20/20 MP: 2/2
   462 | D:1      | Reached XP level 3. HP: 22/26 MP: 3/3
   579 | D:1      | Reached skill level 1 in Stealth
   842 | D:1      | Reached ** piety under Trog
  1444 | D:2      | Reached XP level 4. HP: 19/31 MP: 4/4
  2106 | D:3      | Reached XP level 5. HP: 24/36 MP: 3/5
  2451 | D:3      | Reached *** piety under Trog
  2453 | D:3      | Reached XP level 6. HP: 38/42 MP: 4/6
  2555 | D:3      | Noticed Ijyb
  2576 | D:3      | Killed Ijyb
  2692 | D:3      | Found a bloodstained altar of Trog.
  2887 | D:3      | Found an ancient bone altar of Kikubaaqudgha.
  3174 | D:3      | Found an iron altar of Okawaru.
  3439 | D:4      | Found Sog Heor's Antique Armour Emporium.
  3636 | D:4      | Reached XP level 7. HP: 39/46 MP: 7/7
  3934 | D:4      | Reached skill level 1 in Shields
  4148 | D:5      | Entered Level 5 of the Dungeon
  4289 | D:5      | Reached skill level 5 in Armour
  4330 | D:5      | Got a slimy falchion
  4334 | D:5      | Identified the +8 falchion of Embarrassment {freeze, Dex+4}
                  | (You found it on level 5 of the Dungeon)
  4383 | D:5      | Reached skill level 2 in Shields
  4383 | D:5      | Reached XP level 8. HP: 40/52 MP: 8/8
  4550 | D:5      | Reached skill level 5 in Long Blades
  4554 | D:5      | Reached **** piety under Trog
  4688 | D:5      | Reached skill level 5 in Dodging
  4869 | D:5      | Noticed Prince Ribbit
  4880 | D:5      | Killed Prince Ribbit
  5182 | D:6      | Reached skill level 3 in Shields
  5229 | D:6      | Reached skill level 5 in Stealth
  5305 | D:6      | Reached XP level 9. HP: 52/56 MP: 9/9
  5356 | D:6      | Found a snail-covered altar of Cheibriados.
  5357 | D:6      | Noticed Grinder
  5383 | D:6      | Killed Grinder
  5539 | D:6      | Reached skill level 4 in Shields
  6059 | D:7      | Found a staircase to the Ecumenical Temple.
  6222 | D:7      | Found a white marble altar of Elyvilon.
  6222 | D:7      | Found a stormy altar of Qazlal.
  6223 | D:7      | Found a sacrificial altar of Ru.
  6267 | D:7      | Found an opulent altar of Gozag.
  6450 | D:8      | Found Acadev's Book Shoppe.
  6511 | D:8      | Reached XP level 10. HP: 63/63 MP: 10/10
  6560 | D:8      | Found a staircase to the Lair.
  6560 | D:8      | Noticed an elephant
  6586 | D:8      | Killed an elephant
  6586 | D:8      | Reached skill level 5 in Shields
  6869 | D:8      | Found a shattered altar of Ashenzari.
  7468 | D:9      | Found a glowing golden altar of the Shining One.
  7533 | D:9      | Found a blossoming altar of Fedhas.
  7533 | D:9      | Found a hazy altar of Hepliaklqana.
  7549 | D:9      | Found a shadowy altar of Dithmenos.
  8196 | D:9      | Reached skill level 6 in Shields
  8262 | D:9      | Reached skill level 1 in Evocations
  8879 | D:10     | Entered Level 10 of the Dungeon
  8992 | D:9      | Reached ***** piety under Trog
  8992 | D:9      | Reached XP level 11. HP: 64/68 MP: 10/12
  9267 | D:10     | Reached skill level 7 in Shields
  9284 | D:10     | Reached skill level 1 in Throwing
 10297 | D:11     | Noticed a two-headed ogre
 10468 | D:11     | Reached skill level 8 in Shields
 10530 | D:11     | Found a staircase to the Orcish Mines.
 10997 | Lair:1   | Entered Level 1 of the Lair of Beasts
 11222 | Lair:1   | Reached XP level 12. HP: 76/76 MP: 14/14
 11516 | Lair:1   | Reached skill level 5 in Fighting
 11582 | Lair:1   | Reached skill level 10 in Dodging
 11839 | Lair:1   | You fall through a shaft!
 11862 | Lair:1   | Reached skill level 9 in Shields
 12810 | Lair:2   | Noticed a seven-headed hydra
 13158 | Lair:2   | Found a staircase to the Shoals.
 13245 | Lair:2   | Noticed a five-headed hydra
 13438 | Orc:1    | Entered Level 1 of the Orcish Mines
 13869 | Orc:1    | Paralysed by an orc sorcerer for 3 turns
 13896 | Orc:1    | Noticed a sixfirhy
 13908 | Orc:1    | Received a gift from Trog
 14002 | Orc:2    | Entered Level 2 of the Orcish Mines
 14021 | Orc:2    | Paralysed by an orc sorcerer for 4 turns
 14042 | Orc:1    | Noticed a soul eater
 14049 | Orc:1    | Reached skill level 10 in Shields
 14049 | Orc:1    | Reached skill level 5 in Evocations
 14390 | Orc:2    | Found a staircase to the Elven Halls.
 14615 | Orc:2    | Found Nihe's Antique Armour Boutique.
 14617 | Orc:2    | Found Muedgh's Assorted Antiques.
 14619 | Orc:2    | Reached XP level 13. HP: 50/83 MP: 9/16
 14619 | Orc:2    | Reached skill level 10 in Long Blades
 14872 | Orc:2    | Paralysed by an orc sorcerer for 4 turns
 14892 | Orc:2    | Received a gift from Trog
 14893 | Orc:2    | Got a crystal scimitar {god gift}
 14894 | Orc:2    | Identified the +10 scimitar "Tiruir" {freeze, rC+ MR++}
                  | (Trog gifted it to you on level 2 of the Orcish Mines)
 14939 | Orc:2    | Bought a pair of runed gloves for 262 gold pieces
 15049 | Orc:2    | Found a roughly hewn altar of Beogh.
 15276 | Orc:2    | Reached skill level 5 in Throwing
 15277 | Orc:2    | Found Vicaqyif's Armour Shoppe.
 15277 | Orc:2    | Found Yhozed's Food Boutique.
 15281 | Orc:2    | Received a gift from Trog
 15346 | Orc:2    | Found a roughly hewn altar of Beogh.
 15472 | D:12     | Noticed Erolcha
 15476 | D:12     | Killed Erolcha
 15512 | D:12     | Found a blossoming altar of Fedhas.
 15528 | D:12     | Received a gift from Trog
 15584 | D:12     | Noticed an ogre mage
 15686 | D:12     | Noticed an eight-headed hydra
 15828 | D:12     | Reached skill level 11 in Shields
 16052 | D:12     | Paralysed by a floating eye for 3 turns
 16351 | D:12     | Noticed Kirke
 16385 | D:12     | Paralysed by a floating eye for 3 turns
 16397 | D:12     | Noticed Rupert
 16499 | D:12     | Killed Kirke
 16571 | D:12     | Reached XP level 14. HP: 80/90 MP: 16/18
 17039 | Orc:2    | Received a gift from Trog
 17954 | Elf:1    | Entered Level 1 of the Elven Halls
 18487 | Elf:1    | Received a gift from Trog
 18613 | Elf:1    | Got a pair of jewelled gloves
 18624 | Elf:1    | Identified the +1 pair of gloves of Fortification {rElec
                  | rC+ Int+2 Slay+2} (You found it on level 1 of the Elven
                  | Halls)
 18938 | Elf:1    | Reached skill level 12 in Shields
 19226 | Elf:1    | Noticed a deep elf sorcerer
 19272 | Elf:1    | Killed a deep elf sorcerer
 19620 | Elf:2    | Noticed a deep elf annihilator
 19674 | Elf:1    | Mangled by a +3 dire flail of protection

Skill      XL: |  1  2  3  4  5  6  7  8  9 10 11 12 13 14 |
---------------+-------------------------------------------+-----
Fighting       | 3 4 5 6 7 |  7.6
Stealth        | 1 2 3 4 5 6 7 |  7.0
Dodging        | 3 4 6 7 9 10 11 | 11.7
Armour         | 3 4 5 6 7 8 9 |  9.6
Long Blades    | 4 6 7 8 9 10 11 | 11.0
Shields        | 2 3 4 6 8 10 11 12 | 12.5
Evocations     | 1 3 5 6 7 |  7.3
Throwing       | 2 4 5 6 |  6.8

Action                   |  1- 3 |  4- 6 |  7- 9 | 10-12 | 13-15 || total
-------------------------+-------+-------+-------+-------+-------++-------
Melee: Falchion          |   111 |   210 |   261 |   902 |    40 ||  1524
       Rapier            |       |       |       |    16 |     1 ||    17
       Scimitar          |       |       |       |       |   428 ||   428
Throw: Stone             |       |    30 |    52 |   253 |   184 ||   519
       Tomahawk          |       |       |       |     6 |     5 ||    11
       Throwing net      |       |       |       |     1 |       ||     1
Invok: Berserk           |       |     3 |     5 |    22 |    12 ||    42
       Trog's Hand       |       |     1 |     1 |     4 |     4 ||    10
       Brothers in Arms  |       |       |       |     4 |     2 ||     6
  Use: Potion            |       |     2 |       |     3 |     2 ||     7
       Scroll            |       |     1 |     1 |    20 |     1 ||    23
 Stab: Sleeping          |     1 |     4 |     5 |    13 |     5 ||    28
       Distracted        |       |       |       |       |     1 ||     1
  Eat: Chunk             |     2 |    10 |    15 |    51 |    30 ||   108
Armor: Animal skin       |    19 |       |       |       |       ||    19
       Leather armour    |       |    23 |       |       |       ||    23
       Ring mail         |       |     9 |    53 |   106 |    80 ||   248
Dodge: Dodged            |    72 |   170 |   191 |   489 |   263 ||  1185
Block: Shield            |       |       |       |   441 |   286 ||   727
       Rpst.: Falchion   |    25 |    56 |    54 |   145 |     6 ||   286
       Scimitar          |       |       |       |       |    61 ||    61
